 Dungeon Crawl Stone Soup version 0.31.0-32-g396128a36d (webtiles) character file.

Game seed: 1439678943345940153

10398 Tovical the Fighter (level 11, 0/78 HPs)
             Began as a Gargoyle Gladiator on Mar 23, 2024.
             Was a High Priest of Okawaru.
             Slain by a minotaur
             ... wielding a +6 war axe of electrocution
              (16 damage)
             ... in a Gauntlet.
             The game lasted 00:40:26 (9979 turns).

Tovical the Fighter (Gargoyle Gladiator)            Turns: 9979, Time: 00:40:27

Health: 0/78       AC: 22    Str: 21    XL:     11   Next: 61%
Magic:  11/11      EV: 12    Int: 10    God:    Okawaru [*****.]
Gold:   220        SH:  5    Dex: 11    Spells: 10/10 levels left

rFire   + + +        B - +2 morningstar (protect)
rCold   . . .        (no shield)
rNeg    + . .        v - +0 troll leather armour
rPois   ∞            k - +0 helmet {SInv}
rElec   +            D - +0 cloak
rCorr   +            (no gloves)
SInv    +            x - +0 pair of boots
Will    .....        o - amulet of reflection
Stlth   +            w - ring of fire
HPRegen 1.13/turn    m - ring of protection from fire
MPRegen 0.12/turn

%: no teleportation, reflection
@: mighty, resistant, under a protective aura
A: sickness immunity, AC +8, negative energy resistance 1, electricity
resistance, torment resistance 1, petrification resistance
a: Renounce Religion, Heroism, Finesse, Duel


You were in a Gauntlet.
You worshipped Okawaru.
Okawaru was extremely pleased with you.
You visited 2 branches of the dungeon, and saw 12 of its levels.
You also visited: Gauntlet.

You collected 514 gold pieces.
You spent 294 gold pieces at shops.

Inventory:

Hand Weapons
 a - a +3 heavy mace
 n - a +0 dire flail
 r - a +2 flail of venom
 u - a +3 flail
 B - a +2 morningstar of protection (weapon)
Missiles
 b - a curare-tipped dart
 e - 6 javelins
 p - 26 poisoned darts (quivered)
 A - 7 boomerangs
 C - a throwing net
 I - 5 atropa-tipped darts
Armour
 g - a +0 scale mail
 k - a +0 helmet of see invisible (worn)
 v - a +0 troll leather armour (worn)
 x - a +0 pair of boots (worn)
 D - a +0 cloak (worn)
 E - a +0 plate armour
 G - the +0 leather armour "Mastriblu" {rC+++ Dex-4 Slay+4 Stlth-}
   (You found it on level 9 of the Dungeon)

   Dex-4:     It affects your dexterity (-4).
   Slay+4:    It affects your accuracy & damage with ranged weapons and melee
   (+4).
   rC+++:     It renders you almost immune to cold.
   Stlth-:    It makes you less stealthy.
Jewellery
 h - an amulet of the acrobat
 j - a ring of positive energy
 m - a ring of protection from fire (right hand)
 o - an amulet of reflection (around neck)
 w - a ring of fire (left hand)
Wands
 s - a wand of acid (13)
 y - a wand of polymorph (9)
Scrolls
 i - 7 scrolls of teleportation
 l - a scroll of fear
Potions
 c - 2 potions of might
 d - a potion of attraction
 f - 3 potions of mutation
 q - 2 potions of cancellation
 t - a potion of degeneration {unknown}
 z - a potion of berserk rage {unknown}
 F - 2 potions of curing
 H - a potion of heal wounds {unknown}


   Skills:
 + Level 13.3 Fighting
 + Level 12.5 Maces & Flails
 - Level 4.0 Throwing
 - Level 4.0 Armour
 - Level 2.4 Dodging


You had 10 spell levels left.
You didn't know any spells.
Your spell library contained the following spells:

 Spells                   Type           Power      Damage    Failure   Level
 Slow                     Hex            0%         N/A       41%         1
 Jinxbite                 Hex            0%         N/A       54%         2
 Lesser Beckoning         Tloc           0%         N/A       54%         2
 Confusing Touch          Hex            0%         N/A       78%         3
 Dazzling Flash           Conj/Hex       0%         N/A       78%         3
 Fugue of the Fallen      Necr           0%         N/A       78%         3
 Gell's Gravitas          Tloc           0%         N/A       78%         3
 Hailstorm                Conj/Ice       0%         3d5       78%         3
 Mephitic Cloud           Conj/Alch/Air  0%         N/A       78%         3
 Ozocubu's Armour         Ice            0%         N/A       78%         3
 Sigil of Binding         Hex            0%         N/A       78%         3
 Teleport Other           Tloc           0%         N/A       78%         3
 Vampiric Draining        Necr           0%         2d6       78%         3
 Manifold Assault         Tloc           0%         N/A       99%         4
 Curse of Agony           Necr           0%         N/A       100%        5
 Lee's Rapid Deconstruct  Erth           0%         3d4*      100%        5
 Silence                  Hex/Air        0%         N/A       100%        5
 Yara's Violent Unravell  Hex/Alch       0%         3d3       100%        5
 Enfeeble                 Hex            0%         N/A       100%        7
 Summon Ice Beast         Ice/Summ       Unusable   N/A       N/A         3
 Animate Armour           Summ/Erth      Unusable   N/A       N/A         4
 Summon Lightning Spire   Summ/Air       Unusable   N/A       N/A         4
 Sculpt Simulacrum        Ice/Alch       Unusable   N/A       N/A         6

Dungeon Overview and Level Annotations

Branches:
Dungeon (11/15)            Temple (1/1) D:6             Orc (0/2) D:9
Gauntlet (1/1)
   Lair: D:8-11

Altars:
Ashenzari
Cheibriados
Dithmenos
Elyvilon
Fedhas
Gozag
Hepliaklqana
Kikubaaqudgha
Makhleb
Okawaru
Qazlal
Ru
Sif Muna
Trog
Uskayaw
Vehumet
Wu Jian
Xom
Zin
The Shining One

Shops:
D:3 [

Annotations:
Gauntlet 8 transporters, 6 runed translucent doors


Innate Abilities, Weirdness & Mutations

You are immune to sickness and miasma.
Your stone body is resilient. (AC +8)
You are immune to poison.
You resist negative energy. (rN+)
You are resistant to electric shocks. (rElec)
You are resistant to unholy torment.
You are immune to petrification.


Message History

The death scarab waves its antennae.
h - an amulet of the acrobat
l - a scroll of fear You now have 220 gold pieces (gained 31).
There is a transporter here.
You enter the transporter and appear at another place.
Your extra speed is starting to run out.
You open the door.
A minotaur comes into view.
It is wielding a +6 war axe of electrocution, wearing the brooch of Shielding {Spirit SH+8} and quivering silver javelins.
The minotaur bellows!
The minotaur throws a silver javelin.
The silver javelin misses you.
Found a runed leather armour.
Found a gate leading back out of this place.
There is an open door here.
You hit the minotaur but do no damage.
Your weapon exudes an aura of protection.
You hit the minotaur but do no damage.
You feel yourself slow down.
The minotaur hits you but does no damage.
The minotaur gores you but does no damage.
You feel very mighty all of a sudden. You block the minotaur's attack.
The minotaur gores you!
You hit the minotaur.
The minotaur is lightly wounded.
The minotaur hits you with a +6 war axe of electrocution!!
The minotaur misses you.
You impale the minotaur!!
The minotaur is moderately wounded.
You block the minotaur's attack.
The minotaur gores you but does no damage.
You puncture the minotaur!
The minotaur is heavily wounded.
The minotaur hits you with a +6 war axe of electrocution!!
* * * LOW HITPOINT WARNING * * *
The minotaur gores you!
* * * LOW HITPOINT WARNING * * *
You sock the minotaur!
The minotaur is severely wounded.
The minotaur hits you with a +6 war axe of electrocution!
You die...

## ## ##§.#%.
#....#####§..#..
#.##....###..###
..##.##..##..... .##
#....##...#..###
....##.##......#..###
#....##.##.©.#8.###
######....##...#..##.
#∩.H@'.##....©.#∩.#§.
######.##.##...#..##.
#....##.©.#8.###
#.##......#..###
...##.##...#..###
.##....##..##.....
#.##....###..###
..##.#####≈..#ZZ
##..#[#


You could see a minotaur.

Vanquished Creatures
  A boulder beetle (D:8)
  A two-headed ogre (D:8)
  A hell hog (Gauntlet)
  An unseen horror (D:10)
  Maggie (D:10)
  2 trolls
  Prince Ribbit (D:9)
  3 hornets
  A wyvern (D:9)
  A wraith (D:6)
  6 yaks
  3 fire bats (Gauntlet)
  4 steam dragons
  2 vampire mosquitoes (D:11)
  2 water moccasins
  2 hell hounds (Gauntlet)
  An ice beast (D:7)
  5 orc warriors
  3 sky beasts
  3 ogres
  4 black bears
  3 centaurs
  3 kobold brigands (D:9)
  6 bullfrogs
  2 scorpions
  3 gnoll sergeants (D:9)
  12 killer bees (D:9)
  3 bombardier beetles
  2 jellies
  Crazy Yiuf (D:7)
  3 gnoll boudas
  3 hounds
  4 orc priests
  2 iguanas (D:4)
  A sleepcap (D:6)
  6 orc wizards
  Ijyb (D:5)
  7 adders
  21 gnolls
  A shadow imp (D:8)
  5 dart slugs
  2 ribbon worms
  38 orcs
  6 ball pythons
  6 endoplasms
  4 giant cockroaches
  2 goblins
  7 hobgoblins
  4 jackals
  14 kobolds
  3 quokkas
  5 bats
  6 frilled lizards
  2 rats
236 creatures vanquished.

Notes
Turn   | Place    | Note
-------+----------+-------------------------------------------
     0 | D:1      | Tovical the Gargoyle Gladiator began the quest for the Orb.
     0 | D:1      | Reached XP level 1. HP: 12/12 MP: 1/1
   300 | D:1      | Reached XP level 2. HP: 18/18 MP: 2/2
   700 | D:1      | Reached skill level 1 in Armour
  1069 | D:2      | Reached XP level 3. HP: 17/22 MP: 3/3
  1340 | D:2      | Found a stormy altar of Qazlal.
  1556 | D:3      | Found Argheol's Antique Armour Boutique.
  1729 | D:2      | Reached skill level 3 in Fighting
  1729 | D:2      | Reached XP level 4. HP: 25/28 MP: 4/4
  2478 | D:3      | Found an ancient bone altar of Kikubaaqudgha.
  2577 | D:5      | Entered Level 5 of the Dungeon
  2592 | D:5      | Reached XP level 5. HP: 3/32 MP: 5/5
  2706 | D:5      | Noticed Ijyb
  2725 | D:4      | Noticed a black bear
  2733 | D:4      | Killed a black bear
  2734 | D:4      | Reached XP level 6. HP: 38/38 MP: 6/6
  2928 | D:4      | Reached skill level 4 in Fighting
  3376 | D:4      | Noticed a black bear
  3388 | D:4      | Killed a black bear
  3754 | D:4      | Reached XP level 7. HP: 18/44 MP: 7/7
  4263 | D:5      | Killed Ijyb
  4514 | D:5      | Reached skill level 5 in Fighting
  4514 | D:5      | Reached skill level 5 in Maces & Flails
  4543 | D:6      | Noticed a wraith
  4560 | D:6      | Killed a wraith
  4561 | D:6      | Reached XP level 8. HP: 20/50 MP: 8/8
  5043 | D:6      | Reached skill level 6 in Fighting
  5086 | D:6      | Found a broken altar of Ashenzari.
  5089 | D:6      | Found a shadowy altar of Dithmenos.
  5092 | D:6      | Found a white marble altar of Elyvilon.
  5106 | D:6      | Found a shimmering blue altar of Sif Muna.
  5128 | D:6      | Found a staircase to the Ecumenical Temple.
  5576 | D:6      | Reached skill level 7 in Fighting
  5859 | D:7      | Found a glowing golden altar of the Shining One.
  6112 | D:7      | Reached XP level 9. HP: 45/59 MP: 9/9
  6406 | D:7      | Reached skill level 8 in Fighting
  6538 | Temple   | Entered the Ecumenical Temple
  6564 | Temple   | Became a worshipper of Warmaster Okawaru
  6692 | D:7      | Noticed a troll
  6703 | D:7      | Killed a troll
  6817 | D:6      | Reached skill level 9 in Fighting
  6963 | D:7      | Reached * piety under Okawaru
  7028 | D:6      | Reached skill level 10 in Fighting
  7028 | D:6      | Reached XP level 10. HP: 48/68 MP: 10/10
  7097 | D:6      | Reached ** piety under Okawaru
  7198 | D:7      | Found a glowing silver altar of Zin.
  7366 | D:7      | Found a runed translucent door.
  7367 | D:7      | Noticed Crazy Yiuf
  7374 | D:7      | Killed Crazy Yiuf
  7722 | D:8      | Reached skill level 10 in Maces & Flails
  7960 | D:8      | Found a stormy altar of Qazlal.
  8149 | D:3      | Bought an ancient helmet for 294 gold pieces
  8149 | D:3      | Identified the +0 helmet "Javicsoa" {Str-2 Dex+4} (You
                  | bought it in a shop on level 3 of the Dungeon)
  8314 | D:9      | Noticed a boulder beetle
  8375 | D:8      | Killed a boulder beetle
  8375 | D:8      | Reached *** piety under Okawaru
  8376 | D:8      | Reached skill level 11 in Fighting
  8418 | D:10     | Entered Level 10 of the Dungeon
  8418 | D:10     | Noticed a kobold demonologist
  8418 | D:10     | Noticed a kobold demonologist
  8643 | D:9      | Noticed Prince Ribbit
  8658 | D:9      | Killed Prince Ribbit
  8658 | D:9      | Noticed a two-headed ogre
  8706 | D:8      | Killed a two-headed ogre
  8771 | D:9      | Reached skill level 12 in Fighting
  8826 | D:9      | Found a staircase to the Orcish Mines.
  8860 | D:8      | Reached XP level 11. HP: 76/76 MP: 11/11
  9138 | D:9      | Reached **** piety under Okawaru
  9170 | D:9      | Identified the +0 leather armour "Mastriblu" {rC+++ Dex-4
                  | Slay+4 Stlth-}
  9523 | D:10     | Noticed Maggie
  9542 | D:10     | Killed Maggie
  9618 | D:11     | Found a gate leading to a gauntlet.
  9628 | Gauntlet | Entered a Gauntlet
  9628 | Gauntlet | Noticed a worldbinder
  9628 | Gauntlet | Found a transporter.
  9628 | Gauntlet | Found a transporter.
  9640 | Gauntlet | Found a transporter.
  9658 | Gauntlet | Found a transporter.
  9658 | Gauntlet | Found a transporter.
  9658 | Gauntlet | Found a transporter.
  9660 | Gauntlet | Found a transporter.
  9660 | Gauntlet | Found a transporter.
  9663 | Gauntlet | Noticed a hell hog
  9672 | Gauntlet | Found a transporter.
  9687 | Gauntlet | Found a runed translucent door.
  9688 | Gauntlet | Found a transporter.
  9689 | Gauntlet | Found a runed translucent door.
  9696 | Gauntlet | Found a runed translucent door.
  9698 | Gauntlet | Found a transporter.
  9700 | Gauntlet | Found a runed translucent door.
  9700 | Gauntlet | Noticed a death scarab
  9701 | Gauntlet | Noticed a death scarab
  9703 | Gauntlet | Found a transporter.
  9737 | Gauntlet | Found a transporter.
  9740 | Gauntlet | Found a runed translucent gate.
  9740 | Gauntlet | Found a runed translucent gate.
  9740 | Gauntlet | Found a runed translucent gate.
  9740 | Gauntlet | Noticed a moth of wrath
  9749 | Gauntlet | Found a transporter.
  9807 | Gauntlet | Reached skill level 13 in Fighting
  9945 | Gauntlet | Killed a hell hog
  9950 | Gauntlet | Reached ***** piety under Okawaru
  9970 | Gauntlet | Noticed a minotaur
  9979 | Gauntlet | Slain by a minotaur

Illustrated notes

Levels and vault maps discovered:
D:1:      matt_arrival_spirals, layout_loops_ring, serial_glass,
          glass_columns_a, glass_columns_a, minmay_misc_feat_roman
D:2:      layout_basic, basic_altar, nicolae_wormholes
D:3:      layout_basic, mainiacjoe_overflow_alcove_4, serial_shops,
          nicolae_shop_scrapyard, st_stairs_10
D:4:      layout_cave_pods
D:5:      layout_rooms, minivault_24, lightli_corner_chamber, uniq_ijyb
D:6:      layout_rooms, grunt_temple_overflow_cloverleaf,
          minmay_temple_entry_from_below_a, serial_glass, glass_columns_c,
          glass_columns_a, glass_columns_a, glass_columns_b, glass_columns_a,
          glass_columns_a
D:7:      layout_basic, tso_oasis_becter, nicolae_overflow_hidden_temple,
          grunt_potential, uniq_crazy_yiuf_cottage
D:8:      layout_gridville, nicolae_qazlal_scattered_showers
D:9:      layout_roguey, kennysheep_orc_monster_closet_entryway,
          grunt_ministairs_6, uniq_prince_ribbit1
D:10:     layout_basic, lemuel_mausoleum_altar_yredelemnul,
          nemelex_spade_bored_becter, enter_bailey_2,
          nicolae_concentric_dashed_squares_mild, roderic_roman_lattice,
          kennysheep_generic_room_7, uniq_maggie, uniq_erica
D:11:     cheibrodos_histonic, layout_basic, erik_lair_island,
          gauntlet_entry_generic
Temple:   minmay_temple_forest_path
Gauntlet: gammafunk_gauntlet_mixed_choke_point [minmay_gauntlet_arena_77_mirror,
          minmay_gauntlet_arena_77_fan, minmay_gauntlet_arena_77_run_for_it,
          nicolae_gauntlet_arena_quarters,
          minmay_gauntlet_arena_77_terracotta_army,
          minmay_gauntlet_arena_77_cramped, minmay_gauntlet_arena_77_shame_cube,
          gauntlet_exit_green]

Skill      XL: |  1  2  3  4  5  6  7  8  9 10 11 |
---------------+----------------------------------+-----
Throwing       | 2 3 4 |  4.0
Armour         | 1 2 3 4 |  4.0
Fighting       | 3 4 5 7 10 12 13 | 13.3
Maces & Flails | 4 5 7 9 11 12 | 12.5
Dodging        | |  2.4

Action                     |  1- 3 |  4- 6 |  7- 9 | 10-12 || total
---------------------------+-------+-------+-------+-------++-------
  Melee: Flail             |   116 |   122 |       |       ||   238
         Punch             |     1 |     2 |     1 |     8 ||    12
         Mace              |       |    11 |   186 |     6 ||   203
         Short sword       |       |       |    15 |       ||    15
         Morningstar       |       |       |       |   423 ||   423
  Throw: Throwing net      |       |     2 |     6 |     1 ||     9
         Javelin           |       |     1 |       |       ||     1
         Dart              |       |     4 |    17 |    19 ||    40
 Invoke: Heroism           |       |       |       |     3 ||     3
  Evoke: Wand              |       |       |     7 |       ||     7
    Use: Scroll            |       |     8 |     5 |     2 ||    15
         Potion            |       |       |     4 |     4 ||     8
   Stab: Held in net/web   |       |       |     1 |     2 ||     3
 Armour: Leather armour    |     7 |       |       |       ||     7
         Scale mail        |    72 |   106 |   241 |       ||   419
         Troll leather arm |       |       |       |   282 ||   282
  Dodge: Dodged            |    56 |    98 |   164 |   215 ||   533
  Block: Other             |       |       |    37 |   120 ||   157
         Reflection        |       |       |       |     8 ||     8
